 Dungeon Crawl Stone Soup version 0.25-a0-699-g25a338df49 (webtiles) character file.

Game seed: 6755317201327447866, levelgen mode: deterministic

185 M4edhros the Sneak (level 5, -1/33 HPs)
             Began as an Octopode Artificer on Apr 2, 2020.
             Slain by an orc (2 damage)
             ... on level 4 of the Dungeon.
             The game lasted 00:02:50 (3537 turns).

M4edhros the Sneak (Octopode Artificer)             Turns: 3537, Time: 00:02:51

Health: -1/33      AC:  1    Str: 11    XL:     5   Next: 64%
Magic:  8/8        EV: 10    Int: 14    God:
Gold:   194        SH:  6    Dex: 13    Spells: 4/4 levels left

rFire    . . .     SeeInvis .   r - +0 dagger (venom)
rCold    . . .     Gourm    .   y - +0 kite shield
rNeg     . . .     Faith    .   (helmet restricted)
rPois    .         Spirit   .   (no amulet)
rElec    .         Reflect  .   (no ring)
rCorr    .         Harm     .   (no ring)
MR       .....                  (no ring)
Stlth    ++++......             (no ring)
HPRegen  0.11/turn              (no ring)
MPRegen  0.11/turn              (no ring)
                                (no ring)
                                (no ring)

@: mighty, flying, slowed, very slow
A: almost no armour, stealthy swim, amphibious, 8 rings, constrict 8, camouflage
1, gelatinous body 1
a: no special abilities


You were on level 4 of the Dungeon.
You were hungry.

You visited 1 branch of the dungeon, and saw 4 of its levels.

You collected 194 gold pieces.

Inventory:

Hand Weapons
 a - a +0 short sword
 r - a +0 dagger of venom (weapon)
Missiles
 m - 20 poisoned darts (quivered)
Armour
 y - a +0 kite shield (worn)
Jewellery
 h - an uncursed ring of magical power
 s - an uncursed ring of protection from magic {unknown}
Wands
 b - a wand of flame (15)
 c - a wand of enslavement (22)
 d - a wand of random effects (25)
Scrolls
 e - 3 scrolls of identify {unknown}
 g - 3 scrolls of teleportation {unknown}
 i - a scroll of amnesia {unknown}
 j - 2 scrolls of fear {unknown}
 l - 2 scrolls of remove curse {unknown}
 n - a scroll of blinking {unknown}
 o - a scroll of fog {unknown}
 p - a scroll of enchant armour {unknown}
 t - a scroll of random uselessness {unknown}
 x - 3 scrolls of immolation {unknown}
Potions
 k - a potion of brilliance {unknown}
 q - a potion of might
 u - a potion of curing {unknown}
 v - a potion of ambrosia {unknown}
 w - 2 potions of flight
Comestibles
 f - 4 rations


   Skills:
 - Level 1.0 Fighting
 - Level 1.0 Short Blades
 - Level 2.0 Dodging
 + Level 5.5 Stealth
 + Level 5.3 Evocations


You had 4 spell levels left.
You didn't know any spells.
Your spell library was empty.

Dungeon Overview and Level Annotations

Branches:
Dungeon (4/15)
 Temple: D:4-7

Altars:

Annotations:
D:3 1 runed translucent door, Crazy Yiuf


Innate Abilities, Weirdness & Mutations

You cannot wear most types of armour.
You are very stealthy in the water. (Stealth+)
You are amphibious.
You can wear up to eight rings at the same time.
You can use your tentacles to constrict eight enemies at once.
Your skin changes colour to match your surroundings (Stealth+).
Your rubbery body absorbs attacks. (AC +1, EV +1)


Message History

The orc wizard is heavily wounded.
You constrict the orc wizard, but do no damage.
The orc wizard hits you with a +0 dagger.
The orc hits you.
It was a potion of flight.
You feel very buoyant.
You fly up into the air.
You constrict the orc wizard. The orc wizard casts a spell at you.
The magic dart hits you!
* * * LOW HITPOINT WARNING * * *
The orc closely misses you.
The orc wizard hits you with a +0 dagger.
* * * LOW HITPOINT WARNING * * *
The orc barely misses you.
It was a potion of might.
You feel very mighty all of a sudden.
You constrict the orc wizard.
You kill the orc wizard!
The orc hits you.
You die...

. .# ..# .#. .....# #....
#[...#### ..##.##.#....<
..#......... #........#
.. #.##.)o# #...
#....@###.......##
##...............#
...####...............
#....................####
###....#.......(........#
#..#.###...............#
... ## ##..........†...#
.# #.............#
#.............##


You could see an orc.

Vanquished Creatures
  An orc wizard (D:4)
  Jessica (D:2)
  A worker ant (D:4)
  An adder (D:3)
  2 worms
  2 dart slugs
  A leopard gecko (D:1)
  2 orcs (D:4)
  2 ball pythons
  8 giant cockroaches
  11 hobgoblins
  7 jackals (D:3)
  8 kobolds
  2 quokkas (D:2)
  9 bats
  A frilled lizard (D:1)
  5 goblins
  10 rats
74 creatures vanquished.

Vanquished Creatures (collateral kills)
  An adder (D:2)
  A goblin (D:2)
  2 rats (D:2)
4 creatures vanquished.

Vanquished Creatures (others)
  2 adders (D:2)
2 creatures vanquished.

Grand Total: 80 creatures vanquished

Notes
Turn   | Place    | Note
-------+----------+-------------------------------------------
     0 | D:1      | M4edhros the Octopode Artificer began the quest for the
                  | Orb.
     0 | D:1      | Reached XP level 1. HP: 13/13 MP: 3/3
   393 | D:1      | Reached XP level 2. HP: 10/18 MP: 4/4
   556 | D:1      | Reached XP level 3. HP: 16/23 MP: 5/5
   950 | D:1      | HP: 1/23 [bat (1)]
  1852 | D:2      | Noticed Jessica
  2180 | D:2      | Reached XP level 4. HP: 28/28 MP: 7/7
  2359 | D:2      | Killed Jessica
  3045 | D:3      | Found a runed translucent door,
  3046 | D:3      | Noticed Crazy Yiuf
  3073 | D:3      | Reached XP level 5. HP: 33/33 MP: 8/8
  3417 | D:3      | Reached skill level 5 in Evocations
  3453 | D:4      | Reached skill level 5 in Stealth
  3536 | D:4      | HP: 1/33 [orc wizard/+0 dagger (3)]
  3537 | D:4      | Slain by an orc

Levels and vault maps discovered:
D:1:      ncdulo_watergridlock, layout_basic, minmay_indecisive_spiral
D:2:      layout_basic, minivault_11, uniq_jessica
D:3:      layout_basic, uniq_crazy_yiuf_cottage
D:4:      layout_cave_pools, grunt_tough_drop

Skill      XL: |  1  2  3  4  5 |
---------------+----------------+-----
Stealth        | 2 3 4 5 |  5.5
Evocations     | 4 5 |  5.3
Fighting       | |  1.0
Short Blades   | |  1.0
Dodging        | |  2.0

Action                   |  1- 3 |  4- 6 || total
-------------------------+-------+-------++-------
Melee: Short sword       |    79 |     6 ||    85
       Constrict         |    28 |    23 ||    51
       Tentacles         |    19 |     8 ||    27
       Dagger            |       |    64 ||    64
Evoke: Wand              |     3 |       ||     3
  Use: Potion            |       |     2 ||     2
 Stab: Distracted        |     1 |       ||     1
       Sleeping          |     2 |     6 ||     8
  Eat: Chunk             |     3 |     1 ||     4
       Ration            |       |     1 ||     1
Armor: Skin              |    10 |     5 ||    15
Dodge: Dodged            |    56 |    52 ||   108
Block: Kite shield       |       |     6 ||     6

Table legend:
 A = Non-vault XP
 B = Vault XP
 C = Vault XP percentage of total XP
 D = Non-vault monster count
 E = Vault monster count
 F = Vault count percentage of total count
                 A         B        C        D         E       F
            +---------+---------+-------+---------+---------+-------
      Total |     222 |      43 |  16.2 |      73 |       5 |   6.4
            +---------+---------+-------+---------+---------+-------
        D:1 |      46 |       6 |  11.5 |      28 |       4 |  12.5
        D:2 |      43 |      37 |  46.2 |      19 |       1 |   5.0
        D:3 |      53 |       0 |   0.0 |      21 |       0 |   0.0
        D:4 |      80 |       0 |   0.0 |       5 |       0 |   0.0
            +---------+---------+-------+---------+---------+-------
